 Dungeon Crawl Stone Soup version 0.31-a0-1549-g5ff9445e89 (webtiles) character file.

Game seed: 11176558171313654754

238 Implojin the Cutter (level 6, -1/35 HPs)
             Began as a Kobold Artificer on Jan 2, 2024.
             Slain by an iguana (12 damage)
             ... on level 4 of the Dungeon.
             The game lasted 00:05:06 (3502 turns).

Implojin the Cutter (Kobold Artificer)              Turns: 3502, Time: 00:05:07

Health: -1/35      AC:  8    Str: 11    XL:     6   Next: 28%
Magic:  6/6        EV:  8    Int: 12    God:
Gold:   130        SH:  0    Dex: 16    Spells: 5/5 levels left

rFire   . . .        u - +0 short sword
rCold   . . .        (no shield)
rNeg    . . .        i - +0 chain mail
rPois   .            (no helmet)
rElec   .            (no cloak)
rCorr   .            (no gloves)
SInv    .            (no boots)
Will    .....        (no amulet)
Stlth   +            (no ring)
HPRegen 0.25/turn    (no ring)
MPRegen 0.10/turn

%: no passive effects
@: no status effects
A: small, no large weapons, nightstalker 3
a: no special abilities


You were on level 4 of the Dungeon.
You visited 1 branch of the dungeon, and saw 4 of its levels.

You collected 130 gold pieces.

Inventory:

Hand Weapons
 u - a +0 short sword (weapon)
Missiles
 g - 3 poisoned darts
 q - 3 boomerangs
Armour
 b - a +0 leather armour
 i - a +0 chain mail (worn)
 n - a +0 scale mail
Wands
 c - a wand of flame (4) (quivered)
 d - a wand of charming (15)
 e - a wand of iceblast (1)
Scrolls
 a - a scroll of blinking {unknown}
 j - a scroll of vulnerability {unknown}
 r - 2 scrolls of identify {unknown}
 s - a scroll of enchant weapon {unknown}
 t - a scroll of poison {unknown}
Potions
 h - a potion of haste
 k - a potion of lignification {unknown}
 l - 2 potions of attraction
 m - a potion of ambrosia {unknown}
 o - a potion of resistance {unknown}
 p - 2 potions of degeneration {unknown}


   Skills:
 * Level 2.3 Fighting
 - Level 6.0 Short Blades
 - Level 0.7 Armour
 - Level 2.4 Dodging
 - Level 4.0 Stealth
 - Level 3.7 Evocations


You had 5 spell levels left.
You didn't know any spells.
Your spell library contained the following spells:

 Spells                   Type           Power      Damage    Failure   Level
 Summon Small Mammal      Summ           0%         N/A       100%        1
 Call Canine Familiar     Summ           0%         N/A       100%        3
 Summon Blazeheart Golem  Fire/Summ      0%         N/A       100%        4


Dungeon Overview and Level Annotations

Branches:
Dungeon (4/15)
 Temple: D:4-7

Altars:
Yredelemnul


Innate Abilities, Weirdness & Mutations

You are small and have problems with some larger weapons.
You are completely attuned to the shadows.


Message History

You hit the iguana but do no damage.
The iguana is moderately wounded.
The iguana closely misses you.
You hit the iguana but do no damage.
The iguana is moderately wounded.
You hit the iguana but do no damage.
The iguana is moderately wounded.
The iguana bites you but does no damage.
You hit the iguana but do no damage. Your punch misses the iguana.
The iguana is moderately wounded.
The iguana bites you but does no damage.
You hit the iguana but do no damage.
The iguana is moderately wounded.
You hit the iguana. Your punch misses the iguana.
The iguana is moderately wounded.
The iguana barely misses you.
You barely miss the iguana.
The iguana is moderately wounded.
The iguana bites you.
You hit the iguana but do no damage.
The iguana is moderately wounded.
The iguana bites you but does no damage.
You hit the iguana.
The iguana is heavily wounded.
You completely miss the iguana.
The iguana is heavily wounded.
The iguana bites you but does no damage.
You hit the iguana.
The iguana is heavily wounded.
The iguana bites you!
You hit the iguana but do no damage.
The iguana is heavily wounded.
You hit the iguana.
The iguana is severely wounded.
The iguana bites you!
Danger: Low HP Warning |T2| Reason: 28% HP (10/35)
You hit the iguana but do no damage.
The iguana is severely wounded.
The iguana bites you!
You die...

#.....
##.....
..#.###
####......
#...l....#
...##@....#.
## ##.......
......).)#.
..###.[....
#.# .
##.#### ..##
#.# #..#
##.##
####..#
#...#
#......
#...#
#.##...


You could see an iguana.

Vanquished Creatures
  An orc priest (D:4)
  Ijyb (D:3)
  Terence (D:2)
  2 orc wizards (D:4)
  5 adders
  A ribbon worm (D:2)
  2 dart slugs (D:1)
  3 orcs (D:4)
  5 bats
  9 endoplasms
  A giant cockroach (D:3)
  6 goblins
  3 hobgoblins
  4 kobolds
  A quokka (D:3)
  3 ball pythons
  9 rats
57 creatures vanquished.

Notes
Turn   | Place    | Note
-------+----------+-------------------------------------------
     0 | D:1      | Implojin the Kobold Artificer began the quest for the Orb.
     0 | D:1      | Reached XP level 1. HP: 12/12 MP: 1/1
    52 | D:1      | Found a faded altar of an unknown god.
    73 | D:1      | Reached skill level 1 in Short Blades
   121 | D:1      | Reached XP level 2. HP: 11/16 MP: 2/2
   183 | D:1      | Reached skill level 2 in Short Blades
   755 | D:1      | Reached XP level 3. HP: 21/21 MP: 3/3
  1695 | D:2      | Identified the +1 scale mail "Vips" {-Cast rC+ rN+}
  1751 | D:2      | Reached XP level 4. HP: 18/26 MP: 4/4
  1828 | D:2      | Noticed Terence
  1836 | D:2      | Killed Terence
  1843 | D:2      | Reached skill level 3 in Short Blades
  2227 | D:3      | Noticed Ijyb
  2234 | D:3      | Killed Ijyb
  2235 | D:3      | Reached XP level 5. HP: 11/30 MP: 5/5
  2358 | D:3      | Reached skill level 4 in Short Blades
  2926 | D:3      | Found a basalt altar of Yredelemnul.
  3169 | D:4      | Reached skill level 5 in Short Blades
  3248 | D:4      | Reached XP level 6. HP: 27/35 MP: 6/6
  3255 | D:4      | Noticed a water moccasin
  3256 | D:4      | Reached skill level 6 in Short Blades
  3502 | D:4      | Slain by an iguana

Illustrated notes

Levels and vault maps discovered:
D:1:      dpeg_arrival_court, layout_loops_ring,
          chequers_ecumenical_altar_simple_redux
D:2:      layout_basic, minmay_pentomino_r2, uniq_terence
D:3:      layout_loops_ring, mainiacjoe_overflow_brackets, uniq_ijyb
D:4:      layout_loops_cross, nrook_uturn, chequers_serial_rivers_small_3

Skill      XL: |  1  2  3  4  5  6 |
---------------+-------------------+-----
Short Blades   | 1 2 3 5 6 |  6.0
Fighting       | 2 |  2.3
Stealth        | 3 4 |  4.0
Armour         | |  0.7
Dodging        | |  2.4
Evocations     | |  3.7

Action                     |  1- 3 |  4- 6 || total
---------------------------+-------+-------++-------
  Melee: Dagger            |   115 |   114 ||   229
         Club              |     2 |       ||     2
         Punch             |     3 |     2 ||     5
         Short sword       |       |    20 ||    20
  Evoke: Wand              |     6 |    21 ||    27
    Use: Scroll            |       |     2 ||     2
         Potion            |       |     2 ||     2
   Stab: Sleeping          |    10 |     2 ||    12
 Armour: Leather armour    |    10 |       ||    10
         Chain mail        |    50 |   107 ||   157
  Dodge: Dodged            |    48 |    42 ||    90

Table legend: (Time is in decaauts)
 A = Elapsed time spent in this place.
 B = Non-inter-level travel time spent in this place.
 C = Inter-level travel time spent in this place.
 D = Time resting spent in this place.
 E = Time spent auto-exploring this place.
 F = Levels seen in this place.
 G = Mean time per level.
                   A        B        C        D        E       F      G
               +--------+--------+--------+--------+--------+-----+--------+
         Total |   3444 |   3339 |    105 |    292 |   2451 |   4 |  861.0 |
       Dungeon |   3444 |   3339 |    105 |    292 |   2451 |   4 |  861.0 |
               +--------+--------+--------+--------+--------+-----+--------+

Top non-repeatable levels by time:
     D:2: 1071 daAuts
     D:3: 1046 daAuts
     D:1: 964 daAuts
     D:4: 361 daAuts
